 Dungeon Crawl Stone Soup version 0.26-a0-278-g3b0d5afba5 (webtiles) character file.

Game seed: 4060699033589501058

149 BritishOli the Skirmisher (level 5, 23/43 HPs)
             Began as a Demonspawn Fighter on July 12, 2020.
             Quit the game on level 4 of the Dungeon.
             The game lasted 00:01:36 (2418 turns).

BritishOli the Skirmisher (Demonspawn Fighter)      Turns: 2418, Time: 00:01:36

Health: 23/43      AC: 11    Str: 17    XL:     5   Next: 9%
Magic:  5/5        EV:  7    Int: 10    God:
Gold:   191        SH:  9    Dex: 12    Spells: 4/4 levels left

rFire    . . .     SeeInvis .   a - +0 long sword
rCold    . . .     Faith    .   c - +0 kite shield
rNeg     . . .     Spirit   .   b - +0 scale mail
rPois    .         Reflect  .   (no helmet)
rElec    .         Harm     .   p - +2 cloak
rCorr    .                      (no gloves)
MR       .....                  (no boots)
Stlth    +.........             (no amulet)
HPRegen  0.14/turn              (no ring)
MPRegen  0.09/turn              (no ring)

@: no status effects
A: rugged brown scales 1, nightstalker 1, powered by pain 1
a: no special abilities


You were on level 4 of the Dungeon.
You visited 1 branch of the dungeon, and saw 4 of its levels.

You collected 191 gold pieces.

Inventory:

Hand Weapons
 a - a +0 long sword (weapon)
Armour
 b - a +0 scale mail (worn)
 c - a +0 kite shield (worn)
 p - a +2 cloak (worn)
Scrolls
 e - 3 scrolls of magic mapping {unknown}
 f - 2 scrolls of teleportation {unknown}
 i - 2 scrolls of enchant armour {unknown}
 j - a scroll of enchant weapon {unknown}
 k - a scroll of immolation {unknown}
 l - 2 scrolls of identify {unknown}
 o - a scroll of remove curse {unknown}
 r - 3 scrolls of blinking {unknown}
 s - 2 scrolls of amnesia {unknown}
 t - a scroll of fear {unknown}
 u - a scroll of noise {unknown}
Potions
 d - a potion of might
 g - 2 potions of flight {unknown}
 h - a potion of invisibility {unknown}
 m - 2 potions of heal wounds {unknown}
 n - a potion of brilliance {unknown}
 q - 2 potions of mutation {unknown}


   Skills:
 + Level 3.8 Fighting
 + Level 2.8 Long Blades
 + Level 3.5 Armour
 + Level 3.5 Shields


You had 4 spell levels left.
You didn't know any spells.
Your spell library contained the following spells:

 Spells                   Type           Power        Failure   Level
 Summon Small Mammal      Summ           #...         99%         1
 Call Imp                 Summ           #.......     100%        2
 Call Canine Familiar     Summ           #.......     100%        3
 Summon Guardian Golem    Hex/Summ       #.......     100%        3
 Summon Ice Beast         Ice/Summ       #.......     100%        4
 Summon Lightning Spire   Summ/Air       #.......     100%        4


Dungeon Overview and Level Annotations

Branches:
Dungeon (4/15)
 Temple: D:4-7

Altars:


Innate Abilities, Weirdness & Mutations

You are partially covered in rugged brown scales. (AC +1, +3% HP)
You are slightly more attuned to the shadows.
You sometimes gain a little power by taking damage.


Message History

You're too confused to move!
The orc wizard closely misses you.
You feel less confused.
The orc wizard mumbles some strange words.
The orc wizard flickers and vanishes!
Deactivating autopickup; reactivate with Ctrl-A.
Something hits you but does no damage.
You miss something. Something hits you but does no damage.
You hear some strange, mumbled words.
A magic dart appears from out of thin air!
The magic dart hits you!
You miss something. Something hits you but does no damage.
You hit something. Something hits you but does no damage.
You barely miss something. Something hits you but does no damage.
You slash something!
Reactivating autopickup.
You have reached level 5!
Your demonic ancestry asserts itself...
You slip into the darkness of the dungeon.
You feel a bit more experienced.
Are you sure you want to abandon this character and quit the game? (Confirm with "yes".)

#...### ###...#
#.##### ####
##.....####
#........$###
#...........### ...
#.......).....###...
#.......)...........
#.................#.
#.......@)..........
#...................
#...................
#...................
#...................
##..................
#................##
#.............####
..<.......###


There were no monsters in sight!

Vanquished Creatures
  An orc priest (D:4)
  An orc wizard (D:4)
  3 adders (D:2)
  An ooze (D:2)
  A dart slug (D:1)
  3 leopard geckos
  2 orcs
  5 bats
  3 giant cockroaches (D:1)
  6 goblins
  8 hobgoblins
  4 jackals (D:1)
  2 quokkas (D:2)
  2 frilled lizards
  7 kobolds
  9 rats
58 creatures vanquished.

Notes
Turn   | Place    | Note
-------+----------+-------------------------------------------
     0 | D:1      | BritishOli the Demonspawn Fighter began the quest for the
                  | Orb.
     0 | D:1      | Reached XP level 1. HP: 18/18 MP: 1/1
   154 | D:1      | Gained mutation: You are partially covered in rugged brown
                  | scales. (AC +1, +3% HP) [demonic ancestry]
   154 | D:1      | Reached XP level 2. HP: 8/24 MP: 2/2
   959 | D:2      | Gained mutation: You sometimes gain a little power by
                  | taking damage. [demonic ancestry]
   959 | D:2      | Reached XP level 3. HP: 29/29 MP: 3/3
  1451 | D:2      | Reached XP level 4. HP: 33/36 MP: 4/4
  2417 | D:4      | Gained mutation: You are slightly more attuned to the
                  | shadows. [demonic ancestry]
  2417 | D:4      | Reached XP level 5. HP: 23/43 MP: 5/5
  2418 | D:4      | Quit the game

Illustrated notes

Levels and vault maps discovered:
D:1:      lemuel_arrival_lava_pool, layout_loops_ring, grunt_decor_arrowhead,
          minmay_tromino_v7
D:2:      layout_loops_cross
D:3:      layout_basic
D:4:      layout_cave_pods, cheibrodos_sewer_entry_drain

Skill      XL: |  1  2 |
---------------+-------+-----
Long Blades    | 2 |  2.8
Shields        | 3 |  3.5
Armour         | 3 |  3.5
Fighting       | |  3.8

Action                   |  1- 3 |  4- 6 || total
-------------------------+-------+-------++-------
Melee: Long sword        |   120 |    87 ||   207
Armor: Scale mail        |    62 |    41 ||   103
Dodge: Dodged            |    39 |    19 ||    58
Block: Kite shield       |    66 |    43 ||   109
       Rpst.: Long sword |    12 |     5 ||    17

Table legend:
 A = Non-vault XP
 B = Vault XP
 C = Vault XP percentage of total XP
 D = Non-vault monster count
 E = Vault monster count
 F = Vault count percentage of total count
                 A         B        C        D         E       F
            +---------+---------+-------+---------+---------+-------
      Total |     207 |       7 |   3.3 |      55 |       3 |   5.2
            +---------+---------+-------+---------+---------+-------
        D:1 |      28 |       7 |  20.0 |      15 |       3 |  16.7
        D:2 |      79 |       0 |   0.0 |      26 |       0 |   0.0
        D:3 |      21 |       0 |   0.0 |      11 |       0 |   0.0
        D:4 |      79 |       0 |   0.0 |       3 |       0 |   0.0
            +---------+---------+-------+---------+---------+-------
